 Dungeon Crawl Stone Soup version 0.13-a0-2527-g93fcdc4 (webtiles) character file.

28656 Kae the Whirler (level 13, -13/90 HPs)
             Began as a Halfling Hunter on July 25, 2013.
             Was a High Priest of Okawaru.
             Mangled by a spiny frog (20 damage)
             ... on Level 5 of the Lair of Beasts.
             The game lasted 01:17:02 (18847 turns).

Kae the Whirler (Halfling Hunter)                  Turns: 18847, Time: 01:17:02

HP -13/90        AC 16     Str 10      XL: 13   Next: 71%
MP  14/14        EV 36     Int 11      God: Okawaru [*****.]
Gold 528         SH  0     Dex 28      Spells:  1 memorised, 10 levels left

Res.Fire  : . . .   See Invis. : .   a - +3,+0 sling (flame)
Res.Cold  : . . .   Warding    : .   d - +1 leather armour
Life Prot.: + . .   Conserve   : .   (no shield)
Res.Poison: .       Res.Corr.  : .   u - +2 wizard hat
Res.Elec. : .       Clarity    : .   x - +0 cloak of Sunlight {+Blink rN+}
Sust.Abil.: . .     Spirit.Shd : .   q - +0 pair of gauntlets
Res.Mut.  : .       Stasis     : .   U - +0 pair of boots
Res.Rott. : .       Flight     : .   (no amulet)
Saprovore : . . .                    p - +6 ring of protection
                                     S - +6 ring of dexterity

@: heroism, somewhat resistant to hostile enchantments, very stealthy
A: mutation resistance 1, slow metabolism 1, Dex +1
a: Heroism, Finesse, Renounce Religion, Evoke Blink


You were on level 5 of the Lair of Beasts.
You worshipped Okawaru.
Okawaru was exalted by your worship.
You were not hungry.

You visited 3 branches of the dungeon, and saw 18 of its levels.
You visited the Abyss 1 time.

You collected 904 gold pieces.
You spent 396 gold pieces at shops.

Inventory:

Hand weapons
 a - a +3,+0 sling of flame (weapon)
 b - a +3,+3 sling
Missiles
 e - 8 exploding sling bullets
 m - 10 silver sling bullets
 w - 16 steel sling bullets
 O - 7 sling bullets of frost (quivered)
 Q - 8 poisoned sling bullets
 R - 23 sling bullets of flame
Armour
 d - a +1 leather armour (worn)
 q - a +0 pair of gauntlets (worn)
 u - a +2 wizard hat (worn)
 x - the +0 cloak of Sunlight (worn) {+Blink rN+}
   (You acquired it on level 1 of the Lair of Beasts)

   It protects you from negative energy.
   It lets you blink.
 U - a +0 pair of boots (worn)
Magical devices
 A - a wand of digging (1)
 G - a wand of teleportation (9)
 P - a wand of disintegration (7)
Comestibles
 f - 9 bread rations
 k - 14 grapes
 n - a choko
 o - 5 pears
 C - a lychee
 E - 8 sultanas
 F - a meat ration
Scrolls
 g - a scroll of identify
 i - 7 scrolls of remove curse
 z - a scroll of enchant armour
 B - a scroll of blinking
 D - a scroll of fog
 H - a scroll of recharging
 K - a scroll of teleportation
 M - a scroll of magic mapping
Jewellery
 l - an uncursed ring of sustain abilities
 p - a +6 ring of protection (right hand)
 y - an uncursed ring of see invisible
 S - a +6 ring of dexterity (left hand)
Potions
 h - a potion of invisibility
 r - 10 potions of curing
 s - 4 potions of might
 t - a potion of porridge
 v - 2 potions of resistance
 I - 2 potions of heal wounds
 J - a potion of flight
 N - 3 potions of restore abilities


   Skills:
 - Level 11.1(16.1) Fighting
 - Level 19.0(24.0) Slings
 - Level 14.3(19.3) Dodging
 - Level 1.3(6.3) Stealth
 + Level 1.2 Invocations
 + Level 1.3 Evocations


You had 10 spell levels left.
You knew the following spells:

 Your Spells              Type           Power        Failure   Level  Hunger
a - Lethal Infusion       Chrm/Necr      #.........   56%         2    ###....


Dungeon Overview and Level Annotations

Branches:
Dungeon (11/27)            Temple (1/1) D:4             Orc (0/4) D:9
   Lair (6/8) D:10         Shoals (0/5) Lair:5        Snake (0/5) Lair:6
  Slime (0/6) Lair:6

Altars:
Ashenzari
Cheibriados
Elyvilon
Fedhas
Kikubaaqudgha
Makhleb
Nemelex Xobeh
Okawaru
Sif Muna
Trog
Vehumet
Xom
Yredelemnul
Zin
the Shining One

Shops:
D:5: + D:6: ?(**} D:9: *[=+ D:10: !*[([

Annotations
Lair:6 exclusions: agate snail and spiny frog


Innate Abilities, Weirdness & Mutations

You are small and have problems with some larger weapons.
You are somewhat resistant to further mutation.
You have a slow metabolism.
You are agile (Dex +1).


Message History

Firing (i - inventory. (,) - cycle):
O - 9 sling bullets of frost (quivered)
Press: ? - help, Shift-Dir - straight line, f/p - spiny frog
Aim: a spiny frog (moderately wounded)
You shoot a sling bullet of frost.
The sling bullet of frost hits the spiny frog.
The spiny frog is moderately wounded.
The spiny frog completely misses you.
Firing (i - inventory. (,) - cycle):
O - 8 sling bullets of frost (quivered)
Press: ? - help, Shift-Dir - straight line, f/p - spiny frog
Aim: a spiny frog (moderately wounded)
You shoot a sling bullet of frost.
The sling bullet of frost hits the spiny frog.
The spiny frog is moderately wounded.
The spiny frog stings you!
* * * LOW HITPOINT WARNING * * *
You are poisoned.
The spiny frog poisons you!
Drink which item? (? for menu, Esc to quit)
You feel better. The spiny frog stings you!
You die...

#### .#P#### ###########
......###....##(..####
#....[#.##...........##
.#....'..........F....#
......###.......@.....##
P.##..####.............#
..#....##.............##
......###.............#
.......###............#
f...#.####............##
......###..............##
...#...##......<.....#..#
.......#####...#.########


You could see a spiny frog.

Vanquished Creatures
  Rupert (Lair:4)
  Josephine (D:10)
  6 hydras
  2 death yaks (Lair:5)
  2 centaur warriors
  Erolcha (D:9)
  2 hill giants (D:10)
  Pikel (D:5)
  Joseph (D:10)
  4 spiny frogs
  A black mamba (Lair:2)
  3 trolls
  8 blink frogs
  A boulder beetle (Lair:4)
  A grizzly bear (Lair:4)
  An ugly thing (D:10)
  Eustachio (D:5)
  2 hungry ghosts (D:9)
  2 wyverns (D:10)
  3 hippogriffs
  16 yaks
  A deep elf fighter (D:10)
  8 wolves (Lair:3)
  A steam dragon (D:9)
  A merfolk (D:7)
  2 manticores
  A necrophage (D:7)
  3 porcupines
  5 orc warriors
  7 ogres
  2 ice beasts
  2 slaves (D:5)
  A black bear (D:10)
  3 nagas (Lair:6)
  The ghost of Kae the Cudgeler, an average MiBe of Trog (D:3)
  4 sky beasts
  A phantom (D:6)
  6 crocodiles
  3 big kobolds
  8 centaurs
  3 giant slugs
  4 water moccasins
  9 giant frogs
  2 agate snails
  A troll zombie (D:10)
  8 wights
  4 killer bees
  3 crimson imps
  11 hounds
  4 goliath beetles
  6 orc priests
  Crazy Yiuf (D:2)
  A centaur zombie (D:5)
  2 giant frog skeletons
  2 centaur skeletons
  An iron imp (D:5)
  6 worker ants
  4 big fish (D:7)
  2 scorpions
  7 iguanas
  7 orc wizards
  A troll simulacrum (D:10)
  Ijyb (D:4)
  2 jellies
  A hound zombie (D:7)
  6 adders
  2 worker ant zombies (D:8)
  8 giant centipedes
  A gnoll (D:1)
  27 green rats
  A big kobold simulacrum (D:10)
  3 giant mites
  5 worms
  An adder zombie (D:8)
  2 iguana skeletons (D:10)
  An iguana zombie (D:11)
  4 giant eyeballs
  9 giant geckos
  32 orcs
  A ball python (D:3)
  A bat skeleton (D:5)
  8 giant cockroaches
  9 goblins
  8 hobgoblins
  14 jackals
  9 quokkas
  29 bats
  A giant gecko skeleton (D:5)
  3 giant newts
  2 giant spores (D:11)
  2 goblin skeletons (D:4)
  19 kobolds
  2 orc skeletons
  2 orc zombies
  A quokka skeleton (D:9)
  60 rats
  A rat skeleton (D:4)
  3 ballistomycetes (D:11)
  A fungus (Lair:1)
  A plant (Lair:2)
492 creatures vanquished.

Vanquished Creatures (others)
  An ogre (D:11)
  A goblin (D:5)
  4 fungi
  2 plants (Lair:6)
8 creatures vanquished.

Grand Total: 500 creatures vanquished

Notes
Turn   | Place    | Note
--------------------------------------------------------------
     0 | D:1      | Kae, the Halfling Hunter, began the quest for the Orb.
     0 | D:1      | Reached XP level 1. HP: 14/14 MP: 0/0
    72 | D:1      | Reached skill level 6 in Slings
    87 | D:1      | Reached XP level 2. HP: 13/19 MP: 1/1
   253 | D:1      | Reached skill level 7 in Slings
   253 | D:1      | Reached XP level 3. HP: 22/24 MP: 2/2
   935 | D:2      | Reached XP level 4. HP: 29/29 MP: 3/3
   999 | D:2      | Found a radiant altar of Vehumet.
  1228 | D:2      | Noticed Crazy Yiuf
  1243 | D:2      | Killed Crazy Yiuf
  1243 | D:2      | Reached skill level 8 in Slings
  1724 | D:3      | Found a shimmering altar of Xom.
  1725 | D:3      | Found a snail-covered altar of Cheibriados.
  1728 | D:3      | Noticed Kae's ghost (average MiBe)
  2049 | D:3      | Killed Kae's ghost
  2049 | D:3      | Reached skill level 9 in Slings
  2049 | D:3      | Reached XP level 5. HP: 19/34 MP: 4/4
  2623 | D:3      | Reached XP level 6. HP: 39/39 MP: 5/5
  2830 | D:3      | Reached skill level 10 in Slings
  2969 | D:4      | Noticed Ijyb
  2976 | D:4      | Killed Ijyb
  3112 | D:4      | Found a staircase to the Ecumenical Temple.
  3151 | Temple   | Entered the Ecumenical Temple
  3172 | Temple   | Became a worshipper of Warmaster Okawaru
  3572 | D:4      | Reached skill level 11 in Slings
  3572 | D:4      | Reached XP level 7. HP: 44/44 MP: 6/6
  3659 | D:5      | Entered Level 5 of the Dungeon
  3667 | D:5      | Reached skill level 1 in Fighting
  3801 | D:5      | Noticed Eustachio
  3947 | D:5      | Killed Eustachio
  3947 | D:5      | Acquired Okawaru's first power
  4183 | D:5      | Noticed Pikel
  4230 | D:5      | Killed Pikel
  4230 | D:5      | Reached skill level 12 in Slings
  4230 | D:5      | Reached skill level 5 in Dodging
  4230 | D:5      | Reached XP level 8. HP: 28/52 MP: 4/7
  4324 | D:5      | Found an ancient bone altar of Kikubaaqudgha.
  4456 | D:5      | Found Biafuly's Book Emporium.
  4931 | D:6      | Found Ibunafico's Gadget Boutique.
  5023 | D:6      | Reached XP level 9. HP: 55/57 MP: 8/8
  5045 | D:6      | Found Xoalurch's General Store.
  5050 | D:6      | Bought a potion of curing for 26 gold pieces
  5050 | D:6      | Bought a scroll of amnesia for 71 gold pieces
  5145 | D:6      | Paralysed by a giant eyeball for 2 turns
  5212 | D:6      | Found Atoen's Magic Scroll Shop.
  5219 | D:6      | Bought a scroll of magic mapping for 45 gold pieces
  5219 | D:6      | Bought a scroll of identify for 26 gold pieces
  5245 | D:6      | Reached skill level 13 in Slings
  5423 | D:6      | Found Ahu Lalu's Assorted Antiques.
  5722 | D:6      | Found Ykaecash's Antique Weapon Emporium.
  6007 | D:7      | Reached skill level 5 in Fighting
  6422 | D:7      | Reached skill level 14 in Slings
  6683 | D:7      | Reached XP level 10. HP: 60/65 MP: 9/9
  6768 | D:7      | Paralysed by a potion of paralysis for 6 turns
  7416 | D:8      | Paralysed by a giant eyeball for 3 turns
  7635 | D:9      | Found Giun's Book Shop.
  7738 | D:9      | Found Blutz's Jewellery Emporium.
  7752 | D:9      | Received a gift from Okawaru
  7758 | D:9      | Bought an uncursed ring of see invisible for 195 gold pieces
  7768 | D:9      | Found Lotz's Armour Shoppe.
  7775 | D:9      | Found Wonkacek's Assorted Antiques.
  7879 | D:9      | Noticed Erolcha
  7896 | D:9      | Received a gift from Okawaru
  7896 | D:9      | Reached skill level 15 in Slings
  7981 | D:9      | Received a gift from Okawaru
  8065 | D:9      | Found a staircase to the Orcish Mines.
  8376 | D:9      | Noticed a centaur warrior
  8694 | D:9      | Cast into the Abyss (Erolcha)
  8707 | D:9      | Escaped the Abyss
  8717 | D:9      | Killed Erolcha
  8717 | D:9      | Received a gift from Okawaru
  8717 | D:9      | Reached XP level 11. HP: 49/72 MP: 7/10
  8776 | D:9      | Killed a centaur warrior
  8776 | D:9      | Reached skill level 10 in Dodging
  9193 | D:10     | Entered Level 10 of the Dungeon
  9250 | D:10     | Acquired Okawaru's second power
  9250 | D:10     | Received a gift from Okawaru
  9267 | D:10     | Found Crirchiu's Armour Boutique.
  9363 | D:10     | Received a gift from Okawaru
  9363 | D:10     | Reached skill level 16 in Slings
  9427 | D:10     | Gained mutation: You are agile (Dex +1). [potion of mutation]
  9642 | D:10     | Found Kliocir's Weapon Emporium.
  9652 | D:10     | Noticed a hill giant
  9716 | D:10     | Killed a hill giant
  9775 | D:10     | Noticed a five-headed hydra
  9787 | D:10     | Killed a five-headed hydra
  9816 | D:10     | Found a staircase to the Lair.
  9856 | D:10     | Found Adivud's Armour Boutique.
  9870 | D:10     | Found Ketir's General Store.
  9874 | D:10     | Found Hixoifoa's Distillery.
  9885 | D:10     | Bought a potion of restore abilities for 33 gold pieces
  9897 | D:10     | Noticed Joseph
  9919 | D:10     | Killed Joseph
  9919 | D:10     | Received a gift from Okawaru
 10101 | D:10     | Noticed Josephine
 10130 | D:10     | Killed Josephine
 10889 | D:10     | Reached XP level 12. HP: 81/81 MP: 9/11
 11149 | D:10     | Reached skill level 17 in Slings
 11161 | D:10     | Noticed a hill giant
 11181 | D:10     | Killed a hill giant
 11181 | D:10     | Received a gift from Okawaru
 11642 | Lair:1   | Entered Level 1 of the Lair of Beasts
 11779 | Lair:1   | Identified a scroll of acquirement
 11782 | Lair:1   | Got a pitted cloak
 11786 | Lair:1   | Identified the +0 cloak of Sunlight {+Blink rN+} (You acquired it on level 1 of the Lair of Beasts)
 12673 | Lair:2   | Noticed a five-headed hydra
 12681 | Lair:2   | Killed a five-headed hydra
 14264 | D:11     | Noticed a centaur warrior
 14372 | D:11     | Killed a centaur warrior
 14372 | D:11     | Received a gift from Okawaru
 14414 | D:11     | Reached skill level 10 in Fighting
 14879 | Lair:3   | Received a gift from Okawaru
 15138 | Lair:3   | Reached skill level 18 in Slings
 15145 | Lair:3   | Reached XP level 13. HP: 88/88 MP: 10/12
 15278 | Lair:3   | Learned a level 2 spell: Lethal Infusion
 15608 | Lair:4   | Noticed Rupert
 15650 | Lair:4   | Paralysed by Rupert for 7 turns
 15702 | Lair:4   | Paralysed by Rupert for 3 turns
 15712 | Lair:4   | Killed Rupert
 15712 | Lair:4   | Received a gift from Okawaru
 16140 | Lair:4   | Found a shimmering altar of Xom.
 17123 | Lair:5   | Found a staircase to the Shoals.
 18377 | Lair:6   | Found a staircase to the Snake Pit.
 18488 | Lair:6   | Reached skill level 19 in Slings
 18513 | Lair:6   | Received a gift from Okawaru
 18602 | Lair:6   | Found a staircase to the Slime Pits.
 18722 | Lair:6   | Reached skill level 1 in Evocations
 18728 | Lair:6   | Reached skill level 1 in Invocations
 18846 | Lair:5   | HP: 2/90 [spiny frog (16)]
 18847 | Lair:5   | Mangled by a spiny frog

Action                   |  1- 3 |  4- 6 |  7- 9 | 10-12 | 13-15 || total
-------------------------+-------+-------+-------+-------+-------++-------
Melee: Sling             |       |       |     2 |       |       ||     2
       Unarmed           |       |       |       |   231 |     4 ||   235
       Club              |       |       |       |    25 |       ||    25
 Fire: Sling             |    78 |   160 |   410 |  1243 |   496 ||  2387
Invok: Heroism           |       |       |     1 |    19 |     8 ||    28
       Finesse           |       |       |       |       |     1 ||     1
 Abil: Evoke Blink       |       |       |       |       |     1 ||     1
Evoke: Wand              |       |       |     3 |    13 |     7 ||    23
  Use: Scroll            |       |     9 |    11 |     8 |     4 ||    32
       Potion            |       |       |       |    13 |     5 ||    18
